 Dungeon Crawl Stone Soup version 0.26-a0-652-gafc20e3620 (webtiles) character file.

Game seed: 10292862355920706571

96 smeego the Ducker (level 4, -2/31 HPs)
             Began as an Octopode Fighter on Oct 3, 2020.
             Splashed by a jelly's acid (10 damage)
             ... on level 2 of the Dungeon.
             The game lasted 00:02:24 (2015 turns).

smeego the Ducker (Octopode Fighter)                Turns: 2015, Time: 00:02:26

Health: -2/31      AC:  1    Str: 15    XL:     4   Next: 67%
Magic:  4/4        EV: 11    Int: 11    God:
Gold:   107        SH:  8    Dex: 11    Spells: 3/3 levels left

rFire    . . .     SeeInvis .   a - +0 long sword
rCold    . . .     Faith    .   b - +0 kite shield
rNeg     . . .     Spirit   .   (helmet restricted)
rPois    .         Reflect  .   (no amulet)
rElec    .         Harm     .   (no ring)
rCorr    .         Rampage  .   (no ring)
MR       .....                  (no ring)
Stlth    +++.......             (no ring)
HPRegen  0.10/turn              (no ring)
MPRegen  0.09/turn              (no ring)
                                (no ring)
                                (no ring)

@: no status effects
A: almost no armour, stealthy swim, amphibious, 8 rings, constrict 8, camouflage
1, gelatinous body 1
a: no special abilities


You were on level 2 of the Dungeon.
You visited 1 branch of the dungeon, and saw 2 of its levels.

You collected 107 gold pieces.

Inventory:

Hand Weapons
 a - a +0 long sword (weapon)
 q - a +0 hunting sling
Missiles
 j - 16 sling bullets
 o - 34 poisoned darts (quivered)
 r - 18 stones
Armour
 b - a +0 kite shield (worn)
Jewellery
 p - an uncursed ring of fire
Scrolls
 e - a scroll of teleportation {unknown}
 g - a scroll of noise {unknown}
 i - a scroll of amnesia {unknown}
 k - 2 scrolls of identify {unknown}
 l - a scroll of remove curse {unknown}
 n - a scroll of immolation {unknown}
Potions
 c - a potion of might
 d - 2 potions of curing
 f - a potion of mutation {unknown}
 h - a potion of ambrosia {unknown}
 m - a potion of stabbing {unknown}


   Skills:
 + Level 3.3 Fighting
 * Level 2.9 Long Blades
 + Level 1.1 Throwing
 + Level 3.3 Dodging
 + Level 2.0 Stealth
 + Level 3.2 Shields
 + Level 1.1 Unarmed Combat


You had 3 spell levels left.
You didn't know any spells.
Your spell library was empty.

Dungeon Overview and Level Annotations

Branches:
Dungeon (2/15)

Altars:


Innate Abilities, Weirdness & Mutations

You cannot wear most types of armour.
You are very stealthy in the water. (Stealth+)
You are amphibious.
You can wear up to eight rings at the same time.
You can use your tentacles to constrict eight enemies at once.
Your skin changes colour to match your surroundings (Stealth+).
Your rubbery body absorbs attacks. (AC +1, EV +1)


Message History

The jelly jiggles.
There is an open gate here.
Items here: )))) ††††.
There is a stone staircase leading up here.
Okay, then.
There is an escape hatch in the ceiling here.
You see here a +0 dagger.
It was a potion of curing.
You feel better. The jelly hits you.
You are splashed with acid!
* * * LOW HITPOINT WARNING * * *
You barely miss the jelly.
The jelly is heavily wounded.
The jelly closely misses you.
Your shield prevents you from hitting the jelly.
You squeeze the jelly.
The jelly is severely wounded.
You block the jelly's attack. The jelly hits you.
* * * LOW HITPOINT WARNING * * *
You are splashed with acid!
You die...

#.........##.........#
#............###...###
#####..............##
.##.....#########..#
÷...#.#.# ##.##########
......#.# #.†........#
#.......## #..........#
#....##..#########..........#
#.##...........J@...........#
#.######..#....###..........#
#.# #.......#### #...÷......#
#.##......#.# #..........#
.............# #####.######
.....#....##.# #.#
....########.# #.# .#### #.#
#.# ..## ##.#### #.#


You could see a jelly.

Vanquished Creatures
  3 adders (D:2)
  2 oozes
  2 dart slugs
  2 leopard geckos
  5 bats
  3 giant cockroaches (D:1)
  4 goblins
  5 hobgoblins
  4 jackals (D:1)
  A quokka (D:2)
  7 frilled lizards
  13 kobolds
  2 rats
53 creatures vanquished.

Vanquished Creatures (others)
  8 toadstools (D:2)
8 creatures vanquished.

Grand Total: 61 creatures vanquished

Notes
Turn   | Place    | Note
-------+----------+-------------------------------------------
     0 | D:1      | smeego the Octopode Fighter began the quest for the Orb.
     0 | D:1      | Reached XP level 1. HP: 16/16 MP: 1/1
   191 | D:1      | Reached XP level 2. HP: 16/21 MP: 2/2
   690 | D:1      | Reached skill level 1 in Stealth
   695 | D:1      | Reached XP level 3. HP: 16/26 MP: 3/3
  1331 | D:2      | Reached skill level 1 in Unarmed Combat
  1381 | D:2      | Reached XP level 4. HP: 16/31 MP: 4/4
  1820 | D:2      | Reached skill level 1 in Throwing
  2015 | D:2      | Splashed by a jelly's acid

Illustrated notes

Levels and vault maps discovered:
D:1:      minmay_arrival_nine_rooms, layout_loops_corners
D:2:      cheibrodos_fertilizer, layout_rooms, nicolae_overflow_hidden_temple

Skill      XL: |  1  2  3  4 |
---------------+-------------+-----
Stealth        | 1 2 |  2.0
Unarmed Combat | 1 |  1.1
Throwing       | 1 |  1.1
Fighting       | |  3.3
Long Blades    | |  2.9
Dodging        | |  3.3
Shields        | |  3.2

Action                   |  1- 3 |  4- 6 || total
-------------------------+-------+-------++-------
Melee: Long sword        |    54 |    26 ||    80
       Constrict         |    17 |     5 ||    22
       Tentacles         |     8 |     6 ||    14
       Punch             |     1 |       ||     1
 Fire: Hunting sling     |       |    25 ||    25
  Use: Potion            |       |     1 ||     1
 Stab: Sleeping          |     5 |       ||     5
       Distracted        |       |     1 ||     1
Armor: Skin              |     4 |       ||     4
Dodge: Dodged            |    21 |    11 ||    32
Block: Kite shield       |    27 |    14 ||    41
       Rpst.: Long sword |     6 |     2 ||     8

Table legend: (Time is in decaauts)
 A = Elapsed time spent in this place.
 B = Non-inter-level travel time spent in this place.
 C = Inter-level travel time spent in this place.
 D = Time resting spent in this place.
 E = Time spent auto-exploring this place.
 F = Levels seen in this place.
 G = Mean time per level.
                   A        B        C        D        E       F      G
               +--------+--------+--------+--------+--------+-----+--------+
         Total |   2043 |   2027 |     16 |    192 |   1486 |   2 | 1021.5 |
       Dungeon |   2043 |   2027 |     16 |    192 |   1486 |   2 | 1021.5 |
               +--------+--------+--------+--------+--------+-----+--------+

Top non-repeatable levels by time:
     D:1: 1340 daAuts
     D:2: 703 daAuts
